 Dungeon Crawl Stone Soup version 0.30.1-9-gdf580d7c3d (webtiles) character file.

Game seed: 1663216015243934311

53 lonewolfV2 the Shield-Bearer (level 4, 0/35 HPs)
             Began as a Formicid Fighter on Oct 12, 2023.
             Slain by a worm (4 damage)
             ... on level 2 of the Dungeon.
             The game lasted 00:01:22 (1129 turns).

lonewolfV2 the Shield-Bearer (Formicid Fighter)     Turns: 1129, Time: 00:01:23

Health: 0/35       AC:  7    Str: 23    XL:     4   Next: 10%
Magic:  4/4        EV:  9    Int:  7    God:
Gold:   52         SH:  5    Dex: 13    Spells: 3/3 levels left

rFire   . . .        a - +0 war axe
rCold   . . .        c - +0 buckler
rNeg    . . .        b - +0 scale mail
rPois   .            (helmet unavailable)
rElec   .            (no cloak)
rCorr   .            (no gloves)
SInv    +            (no boots)
Will    .....        (no amulet) Stlth
                     (no ring)
HPRegen 0.25/turn    (no ring)
MPRegen 0.09/turn

%: no passive effects
@: no status effects
A: permanent stasis, dig shafts and tunnels, antennae 3, four strong arms
a: Dig, Shaft Self


You were on level 2 of the Dungeon.
You visited 1 branch of the dungeon, and saw 2 of its levels.

You collected 52 gold pieces.

Inventory:

Hand Weapons
 a - a +0 war axe (weapon)
Armour
 b - a +0 scale mail (worn)
 c - a +0 buckler (worn)
Scrolls
 f - a scroll of fog
 g - a scroll of brand weapon {unknown}
 h - a scroll of identify
 j - a scroll of vulnerability
Potions
 d - a potion of might
 e - a potion of curing


   Skills:
 + Level 3.4 Fighting
 + Level 2.5 Axes
 + Level 4.0 Armour
 + Level 0.5 Dodging
 + Level 4.8 Shields


You had 3 spell levels left.
You didn't know any spells.
Your spell library was empty.

Dungeon Overview and Level Annotations

Branches:
Dungeon (2/15)

Altars:


Innate Abilities, Weirdness & Mutations

You cannot be hasted, slowed, berserked, paralysed or teleported.
You can dig through walls and to a lower floor.
You have a pair of large antennae on your head. (SInv)
Your four strong arms can wield two-handed weapons with a shield.


Message History

There are monsters nearby!
Found a stone staircase leading up.
The bat hits you but does no damage.
You see here 5 javelins.
The bat barely misses you. The bat hits you.
A worm comes into view.
The bat hits you but does no damage. The bat attacks as you move away!
The bat barely misses you. The bat misses you.
The kobold hits you but does no damage. The bat closely misses you.
The bat hits you but does no damage.
The kobold hits you with a +2 dagger of electrocution.
You closely miss the kobold. You hit the bat.
You kill the bat!
You block the kobold's attack. x2
You hit the kobold but do no damage. The kobold hits you but does no damage.
You closely miss the kobold. The kobold hits you but does no damage.
You closely miss the kobold. The kobold hits you but does no damage.
You are electrocuted!!
Ouch! That really hurt!
The kobold barely misses you.
You hit the kobold.
The kobold is heavily wounded.
The kobold hits you with a +2 dagger of electrocution.
You are electrocuted!
* * * LOW HITPOINT WARNING * * *
You hit the kobold.
You kill the kobold!
You see here a +2 dagger of electrocution.
The worm bites you.
* * * LOW HITPOINT WARNING * * *
You see here a +2 dagger of electrocution.
It was a potion of curing.
You feel better.
You hit the worm.
The worm is lightly wounded.
The worm bites you.
* * * LOW HITPOINT WARNING * * *
You hit the worm.
The worm is lightly wounded.
The worm bites you.
You die...

#.#. ##.#. .... #...
#... ...#######.
#......... # #.#######
#.# #####.##@##.#..
#.#
.......w....#.######.#
#####.###.(.#......#.#
# #<.#.....###.#.#..#
.##.##....#.#.#.#..#
...........#...#.#..#
.....####....###.#..#
.#### #..#...#.#..#
#..#.#.#....#


You could see a worm.

Vanquished Creatures
  A gnoll (D:1)
  A worm (D:2)
  A dart slug (D:1)
  A ball python (D:1)
  4 endoplasms
  4 giant cockroaches
  2 goblins (D:2)
  6 hobgoblins (D:1)
  2 kobolds
  2 quokkas (D:1)
  6 bats
  2 frilled lizards (D:1)
  3 rats (D:1)
35 creatures vanquished.

Notes
Turn   | Place    | Note
-------+----------+-------------------------------------------
     0 | D:1      | lonewolfV2 the Formicid Fighter began the quest for the
                  | Orb.
     0 | D:1      | Reached XP level 1. HP: 18/18 MP: 1/1
   119 | D:1      | Reached XP level 2. HP: 20/24 MP: 2/2
   149 | D:1      | Reached XP level 3. HP: 9/29 MP: 3/3
  1062 | D:2      | Reached XP level 4. HP: 23/35 MP: 4/4
  1126 | D:2      | HP: 1/35 [worm (2)]
  1129 | D:2      | Slain by a worm

Illustrated notes

Levels and vault maps discovered:
D:1:      onia_arrival_mini_maze, layout_basic
D:2:      layout_basic, grunt_ministairs_5, uniq_terence, uniq_robin

Skill      XL: |  1  2  3 |
---------------+----------+-----
Armour         | 4 |  4.0
Fighting       | |  3.4
Axes           | |  2.5
Dodging        | |  0.5
Shields        | |  4.8

Action                     |  1- 3 |  4- 6 || total
---------------------------+-------+-------++-------
  Melee: War axe           |    65 |     8 ||    73
    Use: Scroll            |     5 |       ||     5
         Potion            |       |     1 ||     1
 Armour: Scale mail        |    48 |     7 ||    55
  Dodge: Dodged            |    32 |     5 ||    37
  Block: Buckler           |    27 |     2 ||    29
